 Dungeon Crawl Stone Soup version 0.30-a0-1066-g63dfefce0d (webtiles) character file.

Game seed: 14260915843442903510

5972 Zeldest the Nimble (level 10, 0/45 HPs)
             Began as a Spriggan Hexslinger on Apr 13, 2023.
             Was a Follower of Ashenzari.
             Slain by a sun demon (13 damage)
             ... summoned by a kobold demonologist
             ... on level 9 of the Dungeon.
             The game lasted 00:36:35 (11623 turns).

Zeldest the Nimble (Spriggan Hexslinger)           Turns: 11623, Time: 00:36:36

Health: 0/45       AC:  2    Str:  6    XL:     10   Next: 55%
Magic:  13/13      EV: 29    Int: 20    God:    Ashenzari [*.....]
Gold:   251        SH:  0    Dex: 15    Spells: 4/12 levels left

rFire   . . .      SeeInvis +    b - +3 dagger (venom)
rCold   . . .      Faith    .    (no shield)
rNeg    + . .      Spirit   .    J - +0 robe {rN+}
rPois   .          Reflect  .    (helmet restricted)
rElec   .          Rampage  .    (no cloak)
rCorr   .                        (gloves unavailable)
Will    +....                    (boots unavailable)
Stlth   +                        e - amulet "Sublime Secrets" {Acrobat, Alch, Comp} (curse)
HPRegen 0.27/turn                F - ring of wizardry
MPRegen 0.13/turn                B - ring of the Omniscient Yoke {EV+5, Self, Elem} (curse)

@: about to teleport, very quick
A: very small, no large weapons, unfitting armour, see invisible, speed 3
a: Renounce Religion, Shatter the Chains


You were on level 9 of the Dungeon.
You worshipped Ashenzari.
Ashenzari was aware of your devotion.
You visited 2 branches of the dungeon, and saw 10 of its levels.

You collected 348 gold pieces.
You spent 97 gold pieces at shops.

Inventory:

Hand Weapons
 a - a +1 sling
 b - a +3 dagger of venom (weapon)
 i - a +1 dagger of speed
Missiles
 k - 28 poisoned darts (quivered)
 q - 5 throwing nets
Armour
 J - a +0 robe of positive energy (worn)
Jewellery
 e - the cursed amulet "Sublime Secrets" (around neck) {Acrobat, Alch, Comp}
   (You found it on level 2 of the Dungeon)

   [amulet of the acrobat]

   It increases your evasion while moving and waiting.
   It has a curse which improves the following skills: Alchemy: Poison Magic and
   Transmutations.
   Companions: Summonings and Necromancy.
 B - the cursed ring of the Omniscient Yoke (right hand) {EV+5, Self, Elem}
   (You found it on level 7 of the Dungeon)

   [ring of evasion]

   EV:        It affects your evasion (+5).
   It has a curse which improves the following skills: Introspection: Fighting
   and Spellcasting.
   Elements:  Fire Magic, Ice Magic, Air Magic and Earth Magic.
 E - a +5 ring of evasion
 F - a ring of wizardry (left hand)
 G - a ring of protection from fire
 H - a ring of poison resistance
Wands
 r - a wand of flame (7)
 x - a wand of mindburst (6)
 I - a wand of digging (1)
Scrolls
 d - 4 scrolls of fear
 h - a scroll of fog
 m - 7 scrolls of teleportation
 s - 3 scrolls of magic mapping
 v - a scroll of enchant weapon
 y - a scroll of blinking
 A - a scroll of enchant armour
Potions
 f - a potion of flight
 g - a potion of magic
 j - 3 potions of invisibility
 l - a potion of attraction
 n - 3 potions of brilliance
 o - a potion of haste
 p - 2 potions of lignification
 t - 2 potions of might
 u - a potion of curing
 w - a potion of cancellation
 z - 3 potions of heal wounds
 D - a potion of berserk rage


   Skills:
 - Level 0.7(1.1) Fighting
 + Level 9.0 Ranged Weapons
 + Level 11.5 Dodging
 - Level 1.3(1.9) Spellcasting
 + Level 10.3 Hexes
 + Level 5.1(5.9) Summonings


You had 4 spell levels left.
You knew the following spells:

 Your Spells              Type           Power      Damage    Failure   Level
a - Tukima's Dance        Hex            43%        N/A       1%          3
b - Cause Fear            Hex            21%        N/A       1%          4
c - Slow                  Hex            100%       N/A       1%          1

Your spell library contained the following spells:

 Spells                   Type           Power      Damage    Failure   Level
 Summon Small Mammal      Summ           100%       N/A       1%          1
 Inner Flame              Hex/Fire       22%        N/A       2%          3
 Portal Projectile        Hex/Tloc       44%        N/A       2%          3
 Apportation              Tloc           2%         N/A       6%          1
 Beastly Appendage        Tmut           4%         N/A       6%          1
 Necrotise                Necr           8%         1d4       6%          1
 Wereblood                Tmut           2%         N/A       10%         2
 Spider Form              Tmut/Pois      2%         N/A       19%         3
 Flame Wave               Conj/Fire      2%         2d4       50%         4
 Sticky Flame             Conj/Fire      2%         2d3       50%         4
 Blade Hands              Tmut           1%         N/A       83%         5
 Dragon Form              Tmut           1%         N/A       100%        7
 Dragon's Call            Summ           12%        N/A       100%        9


Dungeon Overview and Level Annotations

Branches:
Dungeon (9/15) Zot: 26591  Temple (1/1) D:5 Zot: 5971    Lair (0/5) D:9
    Orc: D:9-12

Altars:
Ashenzari
Cheibriados
Elyvilon
Fedhas
Gozag
Hepliaklqana
Kikubaaqudgha
Makhleb
Nemelex Xobeh
Okawaru
Qazlal
Ru
Sif Muna
Trog
Uskayaw
Vehumet
Wu Jian
Xom
Yredelemnul
Zin
The Shining One

Shops:
D:5 :   D:7 ?   D:8 [=(**   D:9 [

Annotations:
D:6 exclusion: door


Innate Abilities, Weirdness & Mutations

You are very small and have problems with some larger weapons.
You are too small for most types of armour.
You have supernaturally acute eyesight. (SInv)
You cover ground extremely quickly. (Speed+++)


Message History

Press: ? - help, Shift-Dir - straight line, f - kobold demonologist
Aim: a kobold demonologist, wielding a +0 dagger and wearing a +0 robe (lightly wounded, very poisoned, chance to affect: 47%)
The kobold demonologist resists with some effort.
The kobold demonologist casts a spell.
The quasit bites you. The quasit barely misses you.
The quasit completely misses you.
Aiming: Mindburst
Press: ? - help, Shift-Dir - straight line, f/p - kobold demonologist
Aim: a kobold demonologist, wielding a +0 dagger and wearing a +0 robe (lightly wounded, very poisoned, chance to affect: 47%)
The kobold demonologist resists with some effort.
The kobold demonologist closely misses you.
The quasit closely misses you. The quasit barely misses you. x2
Aiming: Mindburst
Press: ? - help, Shift-Dir - straight line, f/p - kobold demonologist
Aim: a kobold demonologist, wielding a +0 dagger and wearing a +0 robe (lightly wounded, very poisoned, chance to affect: 47%)
The kobold demonologist resists with some effort.
The quasit closely misses you. The quasit completely misses you. x2
The kobold demonologist closely misses you.
The iron imp closely misses you.
As you read the scroll of teleportation, it crumbles to dust.
You feel strangely unstable. The quasit completely misses you.
The quasit claws you. The quasit misses you.
The kobold demonologist mumbles some strange words.
The quasit completely misses you. x3
You hit the kobold demonologist.
The kobold demonologist is moderately wounded.
The kobold demonologist completely misses you.
The quasit completely misses you. The quasit closely misses you.
The quasit barely misses you.
You hit the kobold demonologist but do no damage.
The kobold demonologist looks even sicker.
The kobold demonologist is moderately wounded.
The sun demon completely misses you.
The kobold demonologist hits you with a +0 dagger.
The quasit completely misses you. x2; The quasit misses you.
The sun demon hits you!!
Ouch! That really hurt!
* * * LOW HITPOINT WARNING * * *
You are engulfed in flames!
You die... #.# #.## #### ...# PPPP #..# ..PPP #..# .PPP.

...#
..PP.>
##.##
#..PP..
....#
###34..PP.
##..#
#5@K5...PP
##..#
#.##5..PPP
#...# #.#
...PP
..#.# #.#
.... .##.#
#.# ..P
....# #.#
.. .####
#.# #.# .#
#.# #.# .#
#######.#
#.#


You could see a sun demon (summoned), an orange demon (summoned), a kobold
demonologist (very poisoned), an iron imp (summoned), a quasit (summoned) and a
white imp (summoned).

Vanquished Creatures
  A boulder beetle (D:9)
  An unseen horror (D:8)
  4 yaks
  A wraith (D:9)
  3 water moccasins
  Duvessa (D:4)
  A black bear (D:4)
  An orc warrior (D:6)
  3 ogres
  2 centaurs
  3 phantoms
  2 kobold brigands
  5 bullfrogs
  3 scorpions
  3 wights (D:8)
  Dowan (D:4)
  A killer bee (D:7)
  An electric eel (D:7)
  8 lava snakes (D:8)
  A gnoll bouda (D:8)
  3 hounds
  2 iguanas
  A sleepcap (D:6)
  5 orc wizards
  15 gnolls
  2 adders (D:2)
  A shadow imp (D:6)
  A white imp (D:8)
  2 worms
  A dart slug (D:3)
  28 orcs
  10 endoplasms
  3 giant cockroaches
  4 goblins
  7 hobgoblins
  3 jackals (D:1)
  5 quokkas
  8 ball pythons
  9 bats
  6 frilled lizards
  27 kobolds
  13 rats
202 creatures vanquished.

Vanquished Creatures (collateral kills)
  A two-headed ogre (D:9)
  Joseph (D:8)
  A centaur (D:6)
  An ogre (D:5)
  2 kobold brigands (D:7)
  2 wights (D:8)
  An orc priest (D:5)
  2 orc wizards
  An orc (D:8)
  A kobold (D:7)
13 creatures vanquished.

Vanquished Creatures (others)
  10 dancing weapons
  15 plants (D:3)
25 creatures vanquished.

Grand Total: 240 creatures vanquished

Notes
Turn   | Place    | Note
-------+----------+-------------------------------------------
     0 | D:1      | Zeldest the Spriggan Hexslinger began the quest for the
                  | Orb.
     0 | D:1      | Reached XP level 1. HP: 9/9 MP: 3/3
    87 | D:1      | Reached skill level 3 in Dodging
   151 | D:1      | Reached XP level 2. HP: 14/14 MP: 5/5
   471 | D:1      | Reached XP level 3. HP: 16/17 MP: 6/6
   987 | D:3      | Reached XP level 4. HP: 21/21 MP: 7/7
  1062 | D:3      | Reached skill level 4 in Dodging
  1226 | D:4      | Noticed an ogre
  1233 | D:4      | Learned a level 3 spell: Tukima's Dance
  1295 | D:4      | Killed an ogre
  1296 | D:4      | Reached skill level 5 in Hexes
  1296 | D:4      | Reached XP level 5. HP: 25/25 MP: 2/8
  1443 | D:4      | Reached skill level 5 in Dodging
  1761 | D:4      | Noticed a black bear
  1932 | D:4      | Reached XP level 6. HP: 17/29 MP: 7/9
  2373 | D:4      | Noticed Duvessa
  2373 | D:4      | Noticed Dowan
  2700 | D:2      | Reached skill level 6 in Dodging
  3073 | D:2      | Reached XP level 7. HP: 32/32 MP: 10/10
  3944 | D:3      | Found a faded altar of an unknown god.
  4130 | D:4      | Killed Dowan
  4356 | D:4      | Killed Duvessa
  4357 | D:4      | Reached skill level 5 in Ranged Weapons
  4489 | D:5      | Entered Level 5 of the Dungeon
  4654 | D:5      | Reached skill level 7 in Dodging
  5203 | D:5      | Found Onegyneq's Book Shop.
  5371 | D:5      | Reached XP level 8. HP: 32/37 MP: 3/11
  6013 | D:5      | Found a staircase to the Ecumenical Temple.
  6018 | Temple   | Entered the Ecumenical Temple
  6044 | Temple   | Became a worshipper of Ashenzari the Shackled
  6163 | D:6      | Reached skill level 8 in Dodging
  6468 | D:6      | Learned a level 4 spell: Cause Fear
  6879 | D:6      | Reached skill level 1 in Summonings
  7318 | D:6      | Reached skill level 9 in Dodging
  7567 | D:7      | Found a blossoming altar of Fedhas.
  7573 | D:7      | Reached * piety under Ashenzari
  7843 | D:7      | Reached XP level 9. HP: 32/40 MP: 12/12
  7879 | D:7      | Found Gootuni's Magic Scroll Emporium.
  7887 | D:7      | Bought a scroll of blinking for 97 gold pieces
  8486 | D:7      | Reached ** piety under Ashenzari
  9151 | D:7      | Found an iron altar of Okawaru.
  9151 | D:7      | Found a faded altar of an unknown god.
  9184 | D:7      | Found a snail-covered altar of Cheibriados.
  9197 | D:7      | Found a faded altar of an unknown god.
  9199 | D:7      | Found a radiant altar of Vehumet.
  9521 | D:8      | Found Heseem's Jewellery Shoppe.
  9564 | D:8      | Noticed Joseph
  9587 | D:8      | Killed Joseph
  9588 | D:8      | Reached skill level 10 in Dodging
  9602 | D:8      | Identified the cursed +0 robe "Thunder Perfect Mind"
                  | {Range, Cun}
  9688 | D:8      | Found Ikhejun's Armour Boutique.
 10210 | D:8      | Noticed an unseen horror
 10400 | D:8      | Killed an unseen horror
 10421 | D:8      | Reached XP level 10. HP: 45/45 MP: 4/13
 10524 | D:8      | Found Deagufy's Assorted Antiques.
 10821 | D:8      | Found Keceis's Weapon Emporium.
 10958 | D:8      | Reached skill level 11 in Dodging
 10999 | D:8      | Found Taahuf's Assorted Antiques.
 11109 | D:9      | Noticed a boulder beetle
 11131 | D:9      | Killed a boulder beetle
 11132 | D:9      | Reached skill level 10 in Hexes
 11172 | D:9      | Noticed a two-headed ogre
 11182 | D:9      | Killed a two-headed ogre
 11183 | D:9      | Reached skill level 5 in Summonings
 11309 | D:9      | Found Pidaf's Armour Shoppe.
 11613 | D:9      | Found a staircase to the Lair.
 11619 | D:9      | Noticed a sun demon
 11622 | D:9      | Noticed an orange demon
 11623 | D:9      | Slain by a sun demon

Illustrated notes

Levels and vault maps discovered:
D:1:      dpeg_arrival_rhombus, layout_rooms, due_unseen_surprise
D:2:      layout_basic, minmay_quadrilaterals
D:3:      layout_loops_ring, shapermc_ecumenical_altar_notcrosses,
          grunt_ministairs_14, lexackson_kobold_supper
D:4:      layout_basic, uniq_duvessa
D:5:      layout_loops_ring, minmay_temple_entry_nine_rooms, serial_shops,
          nicolae_shop_waterfront, supply_closet_lemuel, kennysheep_donut
D:6:      layout_gridville, hangedman_decor_push
D:7:      layout_gridville, fedhas_altar_2, chequers_temple_overflow_minitemple,
          serial_shops, shop_statue, st_stairs_13, hangedman_decor_lopped,
          nrook_pool_corridor, minivault_5
D:8:      layout_basic, serial_shops, kennysheep_mini, nicolae_diamond_shop,
          nicolae_shop_competitors_out_of_business, shop, kennysheep_little_box,
          kennysheep_boxes, uniq_joseph
D:9:      layout_loops_cross, david_lair_shrubbed, serial_shops,
          nicolae_shop_hallway_plus
Temple:   sentei_temple_godly_chess

Skill      XL: |  1  2  3  4  5  6  7  8  9 10 |
---------------+-------------------------------+-----
Dodging        | 3 4 5 6 7 9 10 11 | 11.5
Hexes          | 4 5 6 7 8 9 10 | 10.3
Ranged Weapons | 3 4 5 7 8 9 |  9.0
Summonings     | 2 4 5 |  5.1
Fighting       | |  0.7
Spellcasting   | |  1.3

Action                     |  1- 3 |  4- 6 |  7- 9 | 10-12 || total
---------------------------+-------+-------+-------+-------++-------
  Melee: Dagger            |       |       |    12 |    31 ||    43
   Fire: Sling             |   124 |   234 |   954 |   164 ||  1476
  Throw: Dart              |       |       |       |     5 ||     5
   Cast: Tukima's Dance    |       |     3 |    36 |     5 ||    44
         Slow              |       |     4 |    42 |     7 ||    53
         Cause Fear        |       |       |    17 |     1 ||    18
 Invoke: Curse Item        |       |       |     3 |       ||     3
         Shatter the Chain |       |       |     1 |       ||     1
  Evoke: Wand              |       |       |     9 |     3 ||    12
    Use: Scroll            |       |       |    10 |     1 ||    11
         Potion            |       |       |     2 |       ||     2
 Armour: Robe              |     5 |     1 |    18 |     1 ||    25
         Skin              |       |       |     7 |       ||     7
  Dodge: Dodged            |    48 |    56 |   357 |    58 ||   519

Table legend: (Time is in decaauts)
 A = Elapsed time spent in this place.
 B = Non-inter-level travel time spent in this place.
 C = Inter-level travel time spent in this place.
 D = Time resting spent in this place.
 E = Time spent auto-exploring this place.
 F = Levels seen in this place.
 G = Mean time per level.
                   A        B        C        D        E       F      G
               +--------+--------+--------+--------+--------+-----+--------+
         Total |   8733 |   8451 |    282 |   1977 |   3080 |  10 |  873.3 |
       Dungeon |   8704 |   8422 |    282 |   1977 |   3080 |   9 |  967.1 |
        Temple |     28 |     28 |      0 |      0 |      0 |   1 |   28.0 |
               +--------+--------+--------+--------+--------+-----+--------+

Top non-repeatable levels by time:
     D:6: 1359 daAuts
     D:8: 1359 daAuts
     D:5: 1148 daAuts
     D:7: 1090 daAuts
     D:4: 1083 daAuts
     D:2: 997 daAuts
     D:3: 909 daAuts
     D:9: 407 daAuts
     D:1: 349 daAuts
  Temple: 28 daAuts
